[Event "Paris FIDE GP"]
[Site "Elancourt"]
[Date "2013.09.27"]
[Round "5"]
[White "Gelfand, Boris"]
[Black "Wang, Hao"]
[Result "1/2-1/2"]
[ECO "D41"]
[WhiteElo "2764"]
[BlackElo "2747"]
[Annotator "ChessBase Website"]
[PlyCount "63"]
[EventDate "2013.09.22"]
[EventType "tourn"]
[EventRounds "11"]
[EventCountry "FRA"]
[EventCategory "20"]
[SourceTitle "CBM 157"]
[Source "ChessBase"]
[SourceDate "2013.11.12"]
[SourceVersion "1"]
[SourceVersionDate "2013.11.12"]
[SourceQuality "1"]
[TimeControl "40/7200:20/3600:900+30"]
[WhiteClock "2:00:00"]
[BlackClock "2:00:00"]

1. d4 Nf6 2. c4 e6 3. Nf3 d5 4. Nc3 c5 5. cxd5 Nxd5 {[%emt 0:00:07] This line of
the Queen's Gambit has become a little more popular in the last year. Black's
idea is to accept a slightly worse position but with the goal of quickly
exchanging pieces and hoping to salvage a draw in an endgame that is not so
dangerous. This is precisely what happened today; after the queenside was
annihilated and many pieces were traded off there simply wasn't enough
material to play on.} 6. e4 Nxc3 7. bxc3 cxd4 8. cxd4 Bb4+ 9. Bd2 Bxd2+ 10. Qxd2 O-O 11. Bc4 Nd7 12. O-O b6 13. a4 Bb7 14. Rfe1 Rc8 15. Bd3 Nb8 16. a5 bxa5 17. d5 $146 (17. Qxa5 Qxa5 18. Rxa5 Nc6 19. Ra4 a5 20. Nd2 Nb4 21. Bb1 Rfd8
22. Nb3 Ba6 23. Rxa5 Bc4 24. Ra4 Rb8 25. Na5 Rxd4 26. Rxb4 Rxb4 27. Nc6 Bb5 28.
Nxb4 Rxb4 29. e5 Bc6 30. Bd3 g5 31. f3 Kg7 32. Kf2 h5 33. Be4 Bxe4 34. Rxe4
Rb2+ 35. Kg1 Kg6 36. h4 gxh4 37. Rxh4 Re2 38. f4 Ra2 39. Kh2 Kf5 40. Kh3 Ra1
41. Kh2 Ke4 42. g3 Kf3 43. f5 Ra5 44. fxe6 fxe6 45. Rxh5 Kg4 {1/2-1/2 (45)
Sargissian,G (2693)-Berkes,F (2685) Istanbul 2012}) 17... Nd7 18. Rxa5 exd5 19. e5 Nc5 20. Rxa7 Qb6 21. Ra3 Ne4 22. Qe3 Qxe3 23. fxe3 Ra8 24. Rxa8 Rxa8 25. Bxe4 dxe4 26. Nd4 Bc8 27. Rc1 g5 28. Rc6 Kg7 29. Rc7 Kg6 30. Rc6+ Kg7 31. Rc7 Kg6 32. Rc6+ 1/2-1/2

[Event "EU-ch 12th"]
[Site "Aix les Bains"]
[Date "2011.03.31"]
[Round "9"]
[White "Pashikian, Arman"]
[Black "Mastrovasilis, Athanasios"]
[Result "1-0"]
[ECO "D41"]
[WhiteElo "2642"]
[BlackElo "2547"]
[Annotator "Marchand,A/Primel,D"]
[PlyCount "73"]
[EventDate "2011.03.22"]
[EventType "swiss"]
[EventRounds "11"]
[EventCountry "FRA"]
[SourceTitle "CBM 142 Extra"]
[Source "ChessBase"]
[SourceDate "2011.06.27"]
[SourceVersion "1"]
[SourceVersionDate "2011.06.27"]
[SourceQuality "1"]
[TimeControl "40/5400+30:1800+30"]

1. d4 Nf6 2. c4 e6 3. Nc3 d5 4. cxd5 Nxd5 5. e4 (5. e3 {L'alternative dans
cette semi Tarrasch} c5 6. Nf3 Nc6 7. Bd3 cxd4 8. exd4 Be7 9. O-O O-O 10. Re1)
5... Nxc3 6. bxc3 c5 7. Nf3 cxd4 (7... Be7 $6 8. Bd3 O-O 9. O-O b6 10. Qe2 Nc6
$6 (10... Bb7) 11. Be3 $14 {Alekhine,A-Del Ponte,G Buenos Aires exh Club
Espagnol 1926 0-1} (11. d5 $1)) 8. cxd4 {Bizarrement les Blancs ont réfléchi
10 mns sur ce coup pourtant forcé} Bb4+ 9. Bd2 Bxd2+ 10. Qxd2 {80} O-O {88} 11.
Bc4 {Un bel exemple de position déséquilibrée avec d'une coté le "Dynamisme"
des Blancs et l'autre, l'avantage "statique" des Noirs.} b6 $5 {Les Noirs
veulent développer le B avant le N de manière а ne pas perdre un tempo sur
l'attaque d4d5} (11... Nc6 {La grande ligne} 12. O-O b6 13. Rad1 Bb7 14. Rfe1
Rc8 15. d5 Na5 16. Bd3 exd5 17. e5 $40 ) (11... Nd7)
12. O-O Bb7 13. Rfe1 (13. d5 {Thématique mais un peu prématuré sans avoir
développé les R} exd5 14. Bxd5 Bxd5 15. exd5 Nd7 16. Rfe1 {
Hort,V (2605)-Timman,J (2445) Hoogovens Wijk aan Zee 1972 (14) 1/2} (16. d6 $5)
) 13... Nd7 14. a4 {[%cal Ga4a5] 68 Une ligne tranquille pour affaiblir la
majorité des Noirs} (14. Re3 $5 Rc8 {Lobron,E 
(2620)-Hansen,C (2610) Hoogovens Wijk aan Zee 1993 (2) 1-0}) (14. Rad1 $142 {
[%cal Gd4d5] La grande ligne} Rc8 15. Bd3 (15. Bb3 Qf6 $1 $132 {Illescas Cordoba,M (2585)-Ivanchuk,V (2709) Bled ol (Men) 2002 
(4.2) 1/2})) 14... Rc8 {88 Le Grec est bien préparé et il joue vite
l'ouverture.} 15. Bd3 {62} e5 $1 {84 Les Noirs concèdent а un P passé aux
Blancs mais ils obiennent la case "c5" et l'attaque Blanche а l'aile-roi est
freinée} (15... Qc7 16. a5 $14 {Gyimesi,Z (2618)-Safyanovsky,M (2359)
Balatonlelle op 2004 (3) 1/2}) 16. d5 Nc5 {[%csl Gc5] 85} 17. Bc4 {59
L'arménien est le premier а dévier des parties précédentes de l'adversaire
mais le Grec avait aussi anticipé} ({RR} 17. Ra3 Qd6 18. Qb2 f5 19. Nxe5 ({RR} 
19. exf5 Nxd3 20. Rxd3 Rxf5) 19... fxe4 20. Bb1 Rce8 21. Nc4 Qxd5 22. Nxb6 ({RR
} 22. Rg3 Qd7 23. Ne5 Qe6 24. Rxg7+ Kxg7 25. Nd7+ Rf6 26. Nxc5 bxc5 27. Qxb7+
Re7) 22... Qg5 23. Rg3 Qe7 24. Nc4) ({RR} 17. Bc2 f5 18. exf5 ({RR} 18. Rad1
fxe4 19. Bxe4 Nxe4 20. Rxe4 Rf5 21. Rxe5 Rxe5 22. Nxe5 Qxd5 23. Qxd5+ Bxd5 24.
f4 Bb3 25. Rd4 h5 26. Rb4 Bd5 27. g4 hxg4 28. a5 bxa5 29. Rb5 Be6 30. Rxa5 Rc7
31. Ra6 Bc8 32. Ra3 a6 {Antic,D (2523)-Mastrovasilis,A (2503)/Kalamaria 2009/1/
2-1/2 (49)}) 18... e4 19. Nd4 Qxd5 20. Qe3 Kh8 21. Red1 Nd3 22. Bb3 Qc5 23.
Rab1 h6 24. g4 Rfd8 25. Ne6 Qxe3 26. fxe3 Rd6 27. Nd4 a6 28. h3 Rc3 29. Ne2 Rc5
30. Nf4 Kh7 31. Rd2 Rc3 {Maiorov,N (2535)-Mastrovasilis,D (2604)/Kavala 2011/1/
2-1/2 (58)}) 17... Qd6 $5 $146 {84 La préparation des Noirs, certes selon
l'adage, la Q n'est pas une trés bonne bloqueuse mais la position Noire est
solide.} ({RR} 17... f6 18. Nh4 Qd7 19. Qe2 ({RR} 19. Nf5 Nxe4) 19... g6 ({RR} 
19... Nxa4 20. Bb5) 20. a5 Qd6 21. h3 Rb8 22. Nf3 Kg7 23. Nd2 f5 ({RR} 23...
Rfd8) 24. axb6 axb6 25. Ra7 fxe4 ({RR} 25... Rf7 26. exf5 Rxf5 ({RR} 26... gxf5
27. Qxe5+) 27. Ba2 ({RR} 27. g4 Rf4 28. Qxe5+ Qxe5 29. Rxe5 Rd4 30. Nb3 Rxc4
31. Nxc5 Rxc5 32. Re7+ Kg8 33. Raxb7 Rxb7 34. Rxb7 Rxd5 35. Rxb6) 27... Rbf8
28. f3 ({RR} 28. Ne4 Qb8 29. Nxc5 bxc5 30. Qa6 R5f7 31. Qa5 Bxd5 32. Rxf7+ Bxf7
33. Bxf7 Rxf7 34. Qxc5 Qc7)) 26. Nxe4 Nxe4 27. Qxe4 Rf4 ({RR} 27... Kg8 28.
Qxe5) 28. Qe2 ({RR} 28. Qxe5+ Qxe5 29. Rxe5 Rxc4 30. Re7+ Kg8 ({RR} 30... Kf6
31. Raxb7 Rxb7 32. Rxb7 Ke5 33. Rxb6 Kxd5 34. Rb7) 31. Raxb7 Rxb7 32. Rxb7 Rd4
33. Rd7 ({RR} 33. Rxb6 Rxd5) 33... b5 34. Kf1 b4 35. Ke2 b3 36. Rb7 Rxd5 37.
Rxb3) 28... Kh8 ({RR} 28... Kg8 29. Ba2) 29. Bb3 Rb4 30. Qb2 Kg8 ({RR} 30...
Rd4 31. Ra4 Rxa4 32. Rxe5) 31. Qa3 {1-0 Gulko,B (2643)-Lima,D (2525)/Istanbul
2000/[Tsesarsky] (31)} {RR} Qc5 32. Rxe5) 18. Qb2 {[%csl Re5] 48} f5 $5 {
68 Fin de la préparation des Noirs} 19. exf5 {40} (19. Qxe5 Nxe4 20. Rxe4 Qxe5
21. Rxe5 Rxc4 $132 {Zude,A (2461)-Fridman,D (2670) Bayern-chI Bank Hofmann
16th 2012 (4) 1/2}) 19... e4 {63} 20. Qe5 {24 Une décision étonnante des
Blancs car normalement, l'échange des Q doit affaiblir le potentiel d'attaque
des Blancs et la poussée a4 est notamment maintenant peu utile mais les Blancs
ont réfléchi longtemps sur cette position critique.} (20. Ng5 $5 Rxf5 (20... Rce8 $2 21. Ne6) (20... e3 $1 21. Rxe3) 21. Nxe4 Nxe4 22.
Rxe4 Bxd5 23. Rd1 Qc5 24. Bxd5+ (24. g4 Bxc4 $1 25. gxf5 $13 )) 20... Rcd8 {56} (20... Qxe5 $142 {
Plus simple} 21. Nxe5 Rxf5 $11) 21. Qxd6 Rxd6 22. Ng5 $1 Bxd5 (22... Rxf5 23.
Nxe4 Nxe4 24. Rxe4 Kf8 (24... Bxd5 25. Rd1) 25. Rae1) 23. Rad1 $36 Nd3 $5 {37 Cette pirrouette tactique ne suffira pas} 24. Nxe4 $1 Bxc4 25. Nxd6 Nxe1 26. Nxc4 Nc2 27. g4 h5 28. h3 hxg4 29. hxg4 Re8 30. Kf1 Kh7
$2 {[%csl Rh7] 25 Les Noirs avaient pourtant beaucoup de temps mais après Kh7,
la position sera difficile а sauver.} (30... Re4 $142 31.
Rd8+ Kh7 (31... Kf7 32. Nd6+) 32. Nd6 Rxg4 33. Nf7 g5 $8 34. f6
Rxa4 (34... Rf4 35. Nxg5+) 35. Ne5 $36 ) 31. Rd2 Re1+ 32. Kg2
Rc1 33. Ne5 {08} Ne1+ 34. Kg3 Rc5 35. f4 Rc2 36. Rd7 Rg2+ 37. Kh3 1-0

[Event "Metz op 31th"]
[Site "Metz"]
[Date "2013.04.24"]
[Round "4"]
[White "Bauer, Christian"]
[Black "Greenfeld, Alon"]
[Result "1/2-1/2"]
[ECO "D41"]
[WhiteElo "2637"]
[BlackElo "2545"]
[Annotator "Metz Alekhine/Primel,D"]
[PlyCount "60"]
[EventDate "2013.04.20"]
[EventType "swiss"]
[EventRounds "9"]
[EventCountry "FRA"]
[SourceTitle "EXT 2016"]
[Source "ChessBase"]
[SourceDate "2015.10.08"]
[SourceVersion "1"]
[SourceVersionDate "2015.10.08"]
[SourceQuality "1"]
[TimeControl "40/5400:1800+30"]
[WhiteClock "1:30:00"]
[BlackClock "1:30:00"]

1. c4 Nf6 2. Nc3 c5 3. g3 e6 4. Nf3 Nc6 5. Bg2 d5 6. cxd5 Nxd5 7. O-O Be7 8. d4
{Transposant dans une semi Tarrasch qui est assez populaire depuis son
utilisation par Kramnik} O-O 9. Nxd5 exd5 10. dxc5 (10. Be3 c4 11. Ne5) 10...
Bxc5 11. Bg5 (11. a3 $5 Bf5 12. b4 Bb6 13. Ra2 $1 (13. Bb2 Be4)
13... Be4 14. Rd2 Qe7 15. Bb2 $14 {Portisch,L (2630)-Spassky,B (2630) Bugojno
1978 (6) 1/2-1/2}) (11. Qc2 Bb6 12. Ng5 g6 13. Qd2 d4 14. Qf4
$14 {Santos,L (2365)-Milos,G (2410) Poznan 1983 (6) 1-0}) 11... Qd7 (11... f6 {
La grande ligne} 12. Bd2 Be6 (12... Bf5)) 12. Ne1 Re8 {[%csl Re2] L'israélien
avait suggéré cette idée, il y a quelques années et il est intéressant de
voir son traitement de l'ouverture.} 13. Nd3 (13. Qxd5 Qxd5 14. Bxd5 Rxe2) (13.
Rc1) 13... Bb6 14. Bd2 {le Bg5 " tapait dans le vide" et il est utile de le
recycler} Qd6 15. Bf4 $5 Qf6 16. Be3 $1 Bg4 (16... Bxe3 17. fxe3 {L'idée de
la nouveauté} Qe7 18. Qd2 Qxe3+ 19. Qxe3 Rxe3 20. Bxd5 Re7 21. Rxf7 $1 Rxf7
22. Rf1 Nd8 23. Ne5 $32 ) 17. h3 $6 {perd un P sans
réelles compensations} (17. Qd2 $5 d4 18. Bg5 Rxe2 19. Qxe2 Bxe2 20. Bxf6 gxf6
21. Nf4 Bxf1 22. Kxf1 Re8 $11) 17... d4 18. Bg5 Qxg5 19. hxg4 Qxg4 20. Bf3 Qh3
21. Rc1 Ne5 22. Bg2 Qh5 23. Nxe5 Qxe5 24. Bxb7 {les Blancs ont récupéré le
P mais le P"d4" donne un petit avantage d'espace aux Noirs mais ils doivent
éviter les échanges de pièces lourdes} Rad8 $36 25. Kg2 (25. Re1 d3 $1 26. exd3 Qxg3+) 25... Qxe2 26. Rc2 d3 27.
Qxe2 Rxe2 28. Rxe2 dxe2 29. Re1 Rd2 30. Bf3 {(=)} Rxb2 {Curieusement, les
Noirs ont refusé la nulle au coup précédent avant de la proposer} 1/2-1/2

[Event "Match/Team URS-World 20,5-19,5"]
[Site "Belgrade"]
[Date "1970.03.31"]
[Round "2.9"]
[White "Najdorf, Miguel"]
[Black "Tal, Mihail"]
[Result "1-0"]
[ECO "D41"]
[WhiteElo "2570"]
[BlackElo "2590"]
[Annotator "Najdorf/Tal"]
[PlyCount "99"]
[EventDate "1970.03.29"]
[EventType "team"]
[EventRounds "4"]
[EventCountry "YUG"]
[SourceTitle "MCL"]
[Source "ChessBase"]
[SourceDate "1999.07.01"]
[SourceVersion "1"]
[SourceVersionDate "1999.07.01"]
[SourceQuality "1"]
[WhiteTeam "World"]
[BlackTeam "Soviet Union"]
[BlackTeamCountry "URS"]
[TimeControl "40/9000:16/5400:0"]

1. Nf3 Nf6 2. c4 e6 3. Nc3 d5 4. d4 c5 5. cxd5 Nxd5 6. e3 Nc6 7. Bc4 cxd4 (7...
Be7 8. Bxd5 exd5 9. dxc5 {Tal=:T}) 8. exd4 Be7 9. O-O O-O 10. Re1 Nxc3 (10...
Nf6 {Najdorf=:N}) 11. bxc3 b6 12. Bd3 Bb7 13. Qc2 g6 (13... h6 $2 14. Qe2 {N})
14. Bh6 (14. Qd2 {N}) 14... Re8 15. Qd2 (15. Bb5 {Botvinnik-Szabo/Groningen/
1946}) (15. h4 Bxh4 16. d5 Qxd5 17. Nxh4 Qh5 {T}) 15... Rc8 (15... Bf6 16. Qf4
Bg7 17. Ng5 {T}) 16. h4 $146 (16. Rac1 Qc7 17. h4 Na5 18. Ng5 Nc4 19. Bxc4 Qxc4
20. Qf4 Bxg5 21. Bxg5 h5 22. Qg3 f5 23. Bf4 Kf7 24. Be5 Rg8 25. Qg5 Bd5 26. Qh6
Ke8 27. Qh7 {1-0 (27) Portisch,L-O'Kelly de Galway,A Malaga 1964}) 16... Na5 (
16... Bxh4 17. Nxh4 Qxh4 18. Bg5 $40 {+- N/T}) 17. Ng5 (17. h5 Bxf3 18. gxf3
Qd5 19. hxg6 hxg6 20. Be4 Qh5 21. Kg2 Nc4 22. Qc1 Ba3 23. Qf4 Bd6 $10 {N}) (17.
Ne5 Bxh4 {T}) 17... Bf8 18. Bxf8 Rxf8 19. h5 (19. Re3 Nc4 20. Bxc4 Rxc4 21. Rg3
e5 $1 {N}) 19... Nc4 (19... Rxc3 20. Qxc3 (20. hxg6 Rxd3 $1) 20... Qxg5 21. Be4
Bxe4 22. Rxe4 Qxh5 23. Re5 {T}) 20. Bxc4 (20. Qf4 h6 $1 (20... Nb2 21. hxg6
hxg6 22. Qh4 $18 {T}) 21. Nh3 (21. Ne4 g5 22. Qg3 Qc7 {T} 23. Qf3 f5 24. Bxc4
Qxc4 25. Nf6+ Rxf6 26. Qxb7 Rc7 $17) (21. Nxe6 fxe6 22. Qxh6 Qf6 $1 {N} 23. Re2
Qg7 {T}) 21... g5 22. Qg3 Nb2) 20... Rxc4 21. hxg6 hxg6 22. Qf4 {P 23. h4 P
e1-e3-h3 T} Qd5 (22... Kg7 $2 23. Qxf7+ $1 {N}) 23. f3 (23. Ne4 Qf5 {T}) 23...
Kg7 24. Ne4 (24. Re5 Qd7 25. Kf2 Rh8 26. Rae1 Bd5 27. R5e3 Qc7 $10 {N}) 24...
Qf5 {Najdorf offered a draw. Tal refused.} (24... f6 25. Kf2 {N} (25. Nd6 e5 $1
)) 25. Qg3 (25. Qxf5 gxf5 26. Nd6 Rc7 27. Nxb7 Rxb7 28. d5 $1 {T}) 25... Bxe4
26. fxe4 Qa5 (26... Qh5 27. Re3 Rh8 28. Rf1 {N}) 27. Re3 Rfc8 28. Rf1 (28. Rc1
Rxd4 {T}) 28... Rxc3 29. Ref3 $1 {N} R8c7 (29... Rxf3 30. Qxf3 Rf8) 30. Qf4 $1
{N} Kg8 (30... Rd7 31. Rxc3 Qxc3 32. Qe5+ Kg8 33. Qb8+ Kh7 34. Qh2+ $10 {T})
31. Qd6 $1 {T} (31. Qf6 Rd7 {T}) 31... Rxf3 (31... Qg5 $1 {N} 32. Rxc3 Rxc3 33.
Qb8+ Kg7 34. Qxa7 $10 {N} Qe3+ 35. Kh1 $1 {T} (35. Kh2 Qg3+ 36. Kh1 Rc7)) 32.
Qd8+ $1 (32. Rxf3 Rc1+ 33. Kh2 {T}) 32... Kg7 33. Rxf3 {P 34. c7, 34. f6, h3
+- N} Qe1+ 34. Kh2 Rc3 35. Qf6+ Kh6 36. Qf4+ Kh7 (36... Kh5 37. g4+ Kh4 38.
Qh6+ Kxg4 39. Rf4# {T}) 37. Qxf7+ Kh6 38. Qf4+ Kh7 (38... Kh5 39. g4+ Kh4 40.
Qh6+ $18 {N}) 39. Qf7+ Kh6 40. Qf8+ Kh5 $18 {adjourned} 41. Qh8+ Kg5 42. Qe5+
Kh6 43. Qf4+ Kh7 44. Rf1 Qe2 (44... Qe3 45. Qh4+ Kg7 (45... Qh6 46. Rf7+ {T})
46. Rf4 $1 {N/T}) 45. Qf7+ Kh6 46. Qf8+ Kh5 (46... Kg5 47. Qf6+ Kh5 48. Qe5+
Kh6 49. Rf4 Qe1 50. Rg4 Kh7 51. Qf6 $18 {N}) 47. Rf4 Qe1 48. Qh8+ Kg5 49. Qe5+
Kh6 50. Rg4 1-0

[Event "Sautron op 14th"]
[Site "Sautron"]
[Date "2014.10.26"]
[Round "2"]
[White "Stephan, Victor"]
[Black "Barbot, Pierre"]
[Result "0-1"]
[ECO "D41"]
[WhiteElo "2331"]
[BlackElo "2440"]
[Annotator "RR"]
[PlyCount "72"]
[EventDate "2014.10.26"]
[EventType "swiss"]
[EventRounds "9"]
[EventCountry "FRA"]
[SourceTitle "EXT 2015"]
[Source "ChessBase"]
[SourceDate "2014.11.20"]
[SourceVersion "1"]
[SourceVersionDate "2014.11.20"]
[SourceQuality "1"]
[TimeControl "40/5400+30:1800+30"]

1. d4 Nf6 2. c4 e6 3. Nc3 d5 4. cxd5 Nxd5 {[%emt 0:00:06] La semi-Tarrasch est devenue assez populaire à haut
niveau depuis quelques années mais son utilisation par Pierre a du surprendre
son adversaire} 5. e4 Nxc3 6. bxc3 c5 7. Nf3 (7. a3 $5 {Wojtaszek,R 
(2733)-Roiz,M (2618) EU-Cup 28th Eilat 2012 (4.1) 1/2}) 7... cxd4 8. cxd4 Bb4+ 9. Bd2 Bxd2+ 10. Qxd2 O-O 11. Bc4 b6 12. O-O Bb7 13. Rfe1 Nc6 (13... Nd7 14. Rad1 Rc8 15.
Bd3 h6 16. Qf4 Qc7 $5 $146) 14. Rad1 Rc8 15.
Qe3 $6 $146 {[%emt 0:07:01][%csl Re3] Les Blancs commencent à réfléchir et
ils ne connaissaient pas la fameuse partie classique de Polou} (15. h3 h6 16.
Qf4 Na5 17. Bd3 Nc4 18. Rc1 Qd6 19. Qxd6 Nxd6 20. Nd2 Rc6 21. f3 Rfc8 22. Rxc6
Rxc6 23. Rd1 Rc3 24. Nb1 Rc7 25. Nd2 Bc8 26. Kf2 Bd7 27. Rb1 Kf8 28. Ke2 Ke7
29. g4 f6 30. h4 e5 31. d5 b5 32. a3 a6 33. h5 Nb7 34. Nb3 Kd6 35. Kd2 Rc8 36.
Be2 Kc7 37. Nc1 Nd6 38. Na2 a5 39. Nc3 Rb8 40. Rc1 Kd8 41. Rb1 Rb7 42. Bd3 Kc7
43. Kc1 Kb8 44. Rb3 Ka7 {Radjabov,T (2744)-Ivanchuk,V (2776) Medias 2011 1/2-1/
2}) (15. d5 $142 {La ligne critique} Na5 16. Bd3 exd5 17. e5 Nc4 18. Qf4 Nb2
19. Bxh7+ Kxh7 20. Ng5+ $40 {Polugaevsky,L-Tal,M URS-ch37 Moscow 1969 (2) 1-0})
15... Na5 16. Bd3 Nc4 {[%emt 0:01:06][%cal
Gc4e3] Gagnant un tempo décisif sur la Q Blanche et la partie a déjà
basculé à l'avantage Noir} 17. Qe2 Nd6 18.
h4 (18. d5 {La poussée thématique mais qui conduisait à
d'énormes complications.} exd5 19. e5 Re8 20. Nd4 (20. h4) 20... Qg5 21. exd6
$3 Rxe2 22. Rxe2 g6 23. d7 Rd8 24. Re8+ Kg7 25. Nf3 Qf6 26. Ne5 Qg5 27. h4 $1
Qxh4 28. Rc1 $40 ) 18... h6 19. h5 {[%emt 0:04:
15][%csl Rg7] Fait pression sur l'aile-roi mais la Q Blanche est privée de
cette case importante "h5"} Qf6 $1 20. Qe3 (
20. e5 Bxf3) 20... Nc4 $1 {[%emt 0:00:52] Le facteur sonne toujours deux fois}
21. Bxc4 Rxc4 22. Ne5 Rc7 23. Ng4 Qg5 24. Qg3 Rc2 25. f4 Qa5 26.
f5 (26. Nxh6+ {Ce coup naturel ne donne rien} Kh7)
26... Kh8 27. Qd6 (27. f6 Qg5 28. fxg7+ Qxg7
$17) 27... Rfc8 28. Ne5 (28. d5 exd5 29. Ne3
Qc5 30. Qxc5 R2xc5 31. exd5 $13) 28... Qxa2 29. Nxf7+ Kg8 30. d5 {[%emt 0:06:04] Trop tard!} (30.
Nxh6+ gxh6 31. Qxe6+ Qxe6 32. fxe6 R8c7 (32... Re8 33. d5
$44) 33. d5 Rg7) 30... Rxg2+ 31. Kh1 Kxf7 32. Rg1 Qe2 33. dxe6+ Kg8 34. Rxg2 Bxe4 35. Rdg1 Qxh5+ 36. Qh2 Bxg2+ 0-1